 Dungeon Sprint DCSS version 0.29.1-14-g9c671dbff4 (webtiles) character file.

Game seed: 12288459835302127003

988 Ast3rio the Protected (level 7, -1/73 HPs)
             Began as a Minotaur Fighter on Feb 15, 2023.
             Succumbed to barbed spike wounds
             ... in the Dungeon (Sprint II: "The Violet Keep of Menkaure").
             The game lasted 00:02:00 (697 turns).

Ast3rio the Protected (Minotaur Fighter)             Turns: 697, Time: 00:02:00

Health: -1/73      AC:  9    Str: 23    XL:     7   Next: 97%
Magic:  6/6        EV: 10    Int:  5    God:
Gold:   972        SH:  6    Dex:  9    Spells: 6/6 levels left

rFire   . . .      SeeInvis .   a - +0 war axe
rCold   . . .      Faith    .   c - +0 buckler
rNeg    . . .      Spirit   .   b - +0 scale mail
rPois   .          Reflect  .   (helmet restricted)
rElec   .          Harm     .   (no cloak)
rCorr   .          Rampage  .   (no gloves)
Will    .....      NoTele   +   (no boots)
Stlth   ..........              (no amulet)
HPRegen 0.22/turn               (no ring)
MPRegen 0.10/turn               (no ring)

@: spiked, on berserk cooldown, slowed, very slow
A: horns 2, retaliatory headbutt
a: no special abilities


You were in the Dungeon.
You visited 1 branch You collected 972 gold pieces.

Inventory:

Hand Weapons
 a - a +0 war axe (weapon)
Armour
 b - a +0 scale mail (worn)
 c - a +0 buckler (worn)
Scrolls
 j - a scroll of blinking
Potions
 e - a potion of curing
 g - a potion of haste
 h - 2 potions of magic


   Skills:
 + Level 10.9 Fighting
 + Level 10.8 Axes
 + Level 11.8 Armour
 + Level 3.0 Dodging
 + Level 0.2 Stealth
 + Level 9.8 Shields


You had 6 spell levels left.
You didn't know any spells.
Your spell library was empty.

Dungeon Overview and Level Annotations

Branches:
Dungeon (1/1)

Altars:

Shops:
D (![([?

Annotations:
D exclusion: orange crystal statue, Kirke


Innate Abilities, Weirdness & Mutations

You have a pair of horns on your head.
You reflexively headbutt those who attack you in melee.


Message History

* * * LOW HITPOINT WARNING * * *
You hear a trumpeting!
The barbs in your skin will harm you if you move.
Continue? [Y]es or [N]o only, please.
The barbs in your skin will harm you if you move.
Continue? [Y]es or [N]o only, please.
The barbs in your skin will harm you if you move.
Continue? [Y]es or [N]o only, please.
The barbs in your skin will harm you if you move.
Continue? [Y]es or [N]o only, please.
The barbs in your skin will harm you if you move.
Continue? [Y]es or [N]o only, please.
The barbs in your skin will harm you if you move.
Continue? [Y]es or [N]o only, please.
The barbs in your skin will harm you if you move.
Continue? [Y]es or [N]o only, please.
The barbs in your skin will harm you if you move.
Continue? [Y]es or [N]o only, please.
The barbs in your skin will harm you if you move.
Continue?
A centaur warrior comes into view.
Found Soxolus's Armour Boutique and Fepridgh's Antique Weapon Shop.
The barbed spikes dig painfully into your body as you move.
* * * LOW HITPOINT WARNING * * *
You are no longer berserk.
You are exhausted.
You feel yourself slow down.
The centaur warrior shouts!
A kobold demonologist comes into view. It is wielding a +0 dagger.
Found Bucal's Weapon Boutique and Puocysuo's Distillery.
The barbed spikes dig painfully into your body as you move.
* * * LOW HITPOINT WARNING * * *
The manticore flicks its tail.
The volley of spikes hits you!
The barbed spikes become lodged in your body.
* * * LOW HITPOINT WARNING * * *
An elephant comes into view.
You enter the shallow water.
Moving in this stuff is going to be slow.
The barbed spikes dig painfully into your body as you move.
You die...

####+####
##≈§≈§≈§≈##
≈≈§§≈≈≈≈≈## ##
≈§§8≈≈≈≈≈# .Y.###
≈≈≈≈≈≈≈ zc.~#
≈≈≈§
#####H~#+++#+++##
####~~~.........#
...#~~~@.##'##..#
..∩#~~~~##.#.## #
.∩.#~~~~#..#..#
∩.∩#~~####.††##
.∩.#~##.###'##
∩..#~#.).##.####
...+~+.#.'.<.'.#
... #...##.##...#
##.###÷###.##


You could see a yaktaur captain and a manticore (summoned).

Vanquished Creatures
  A merfolk siren (D)
  2 wyverns (D)
  Menkaure (D)
  4 necrophages (D)
  2 worms (D)
10 creatures vanquished.

Vanquished Creatures (others)
  A water moccasin (D)
1 creature vanquished.

Grand Total: 11 creatures vanquished

Notes
Turn   | Place    | Note
-------+----------+-------------------------------------------
     0 | D        | Ast3rio the Minotaur Fighter began the quest for the Orb.
     0 | D        | Reached XP level 1. HP: 19/19 MP: 0/0
     7 | D        | Reached skill level 4 in Armour
    88 | D        | Killed a water moccasin
   249 | D        | Noticed a merfolk siren
   263 | D        | Killed a merfolk siren
   264 | D        | Reached skill level 9 in Armour
   264 | D        | Reached skill level 1 in Dodging
   264 | D        | Reached XP level 2. HP: 35/36 MP: 1/1
   264 | D        | Reached XP level 3. HP: 39/41 MP: 2/2
   264 | D        | Reached XP level 4. HP: 47/49 MP: 3/3
   264 | D        | Reached XP level 5. HP: 54/56 MP: 4/4
   264 | D        | Reached XP level 6. HP: 60/62 MP: 5/5
   278 | D        | Noticed a wyvern
   278 | D        | Noticed a wyvern
   282 | D        | Killed a wyvern
   288 | D        | Killed a wyvern
   289 | D        | Reached skill level 10 in Fighting
   289 | D        | Reached skill level 10 in Armour
   289 | D        | Reached XP level 7. HP: 32/72 MP: 6/6
   667 | D        | Reached skill level 10 in Axes
   667 | D        | Reached skill level 11 in Armour
   680 | D        | Noticed an orange crystal statue
   680 | D        | Noticed Menkaure
   686 | D        | Killed Menkaure
   688 | D        | Found Nimue's Antique Armour Boutique.
   688 | D        | Found Houcimem's Magic Scroll Shop.
   688 | D        | Noticed Kirke
   688 | D        | Noticed a skeletal warrior
   688 | D        | Noticed a yaktaur captain
   689 | D        | Noticed a manticore
   695 | D        | Found Soxolus's Armour Boutique.
   695 | D        | Found Fepridgh's Antique Weapon Shop.
   695 | D        | Noticed a centaur warrior
   695 | D        | Noticed a kobold demonologist
   696 | D        | Found Bucal's Weapon Boutique.
   696 | D        | Found Puocysuo's Distillery.
   696 | D        | Noticed an elephant
   697 | D        | Succumbed to barbed spike wounds

Illustrated notes

Levels and vault maps discovered:
D:        the_violet_keep_of_menkaure [sprint2_stairs_cluster_1,
          sprint2_shoproom, sprint2_temple, sprint2_basic_supplies,
          sprint2_obstacle_1, sprint2_obstacle_2, sprint2_obstacle_4,
          sprint2_obstacle_7, sprint2_obstacle_3, sprint2_timed_cluster_1,
          sprint2_smallroom_cluster_1, sprint2_smallroom_final_cluster_1,
          sprint2_transparent_cluster_1, sprint2_second_timed_cluster_1,
          sprint2_sniper_area_1, sprint2_heavy_combat_area_1,
          sprint2_mutation_trap_area_1, sprint2_forest_area_1,
          sprint2_light_combat_area_1, sprint2_behind_water_1,
          sprint2_near_end_vault_1]

Skill      XL: |  1  2  3  4  5  6  7 |
---------------+----------------------+-----
Fighting       | 8 10 | 10.9
Armour         | 9 10 11 | 11.8
Shields        | 8 9 |  9.8
Axes           | 8 9 10 | 10.8
Dodging        | 1 2 3 |  3.0
Stealth        | |  0.2

Action                   |  1- 3 |  4- 6 |  7- 9 || total
-------------------------+-------+-------+-------++-------
Melee: War axe           |    15 |    10 |    15 ||    40
       Headbutt          |     2 |     3 |     5 ||    10
  Use: Potion            |     2 |       |     1 ||     3
Armor: Scale mail        |     2 |     1 |     8 ||    11
Dodge: Dodged            |     2 |     3 |     7 ||    12
Block: Buckler           |     1 |     3 |     8 ||    12
